 Dungeon Crawl Stone Soup version 0.28-a0-1286-g6bde065e89 (webtiles) character file.

Game seed: 5690300651753410936

773 blank1 the Ruffian (level 7, 0/72 HPs)
             Began as a Troll Monk on Dec 27, 2021.
             Was a Plaything of Xom.
             Slain by a meliai (6 damage)
             ... on level 4 of the Dungeon.
             The game lasted 00:05:14 (2769 turns).

blank1 the Ruffian (Troll Monk)                     Turns: 2769, Time: 00:05:15

Health: 0/72       AC:  5    Str: 22    XL:     7   Next: 53%
Magic:  6/6        EV: 11    Int:  6    God:    Xom [*.....]
Gold:   160        SH:  0    Dex: 12    Spells: 6/6 levels left

rFire   . . .      SeeInvis .     - Unarmed
rCold   . . .      Faith    .   (no shield)
rNeg    . . .      Spirit   .   a - +0 robe
rPois   .          Reflect  .   (helmet restricted)
rElec   .          Harm     .   k - +0 cloak
rCorr   .          Rampage  .   (gloves unavailable)
Will    .....                   (boots unavailable)
Stlth   ++........              (no amulet)
HPRegen 1.02/turn               (no ring)
MPRegen 0.10/turn               (no ring)

@: no status effects
A: large, unfitting armour, claws 3, regeneration 1, shaggy fur 1, tough skin 1
a: Renounce Religion


You were on level 4 of the Dungeon.
You worshipped Xom.
You were a special plaything of Xom.
You visited 1 branch of the dungeon, and saw 5 of its levels.

You collected 160 gold pieces.

Inventory:

Missiles
 p - 11 large rocks (quivered)
Armour
 a - a +0 robe (worn)
 k - a +0 cloak (worn)
Jewellery
 n - a ring of protection from fire
Wands
 j - a wand of flame (11)
Scrolls
 b - a scroll of fear
 d - 3 scrolls of identify
 e - a scroll of immolation {unknown}
 f - a scroll of blinking {unknown}
 g - a scroll of brand weapon {unknown}
 l - a scroll of holy word {unknown}
 o - a scroll of noise {unknown}
 q - a scroll of magic mapping {unknown}
Potions
 c - 2 potions of ambrosia {unknown}
 h - 2 potions of mutation
 i - 2 potions of brilliance
 m - a potion of berserk rage


   Skills:
 + Level 5.4 Fighting
 - Level 4.0 Dodging
 - Level 1.0 Stealth
 + Level 5.6 Unarmed Combat


You had 6 spell levels left.
You didn't know any spells.
Your spell library contained the following spells:

 Spells                   Type           Power      Damage    Failure   Level
 Animate Skeleton         Necr           0%         N/A       45%         1
 Apportation              Tloc           0%         N/A       45%         1
 Summon Small Mammal      Summ           0%         N/A       45%         1
 Conjure Flame            Conj/Fire      0%         6-21      83%         3
 Frozen Ramparts          Ice            0%         1d2       83%         3
 Ignite Poison            Fire/Tmut/Pois 0%         N/A       83%         3
 Ice Form                 Ice/Tmut       0%         N/A       99%         4
 Sticky Flame             Conj/Fire      0%         2d3       99%         4
 Summon Ice Beast         Ice/Summ       0%         N/A       99%         4
 Iskenderun's Battlesphe  Conj           0%         2d6       100%        5
 Iron Shot                Conj/Erth      0%         9d1       100%        6
 Spellforged Servitor     Conj/Summ      0%         N/A       100%        7


Dungeon Overview and Level Annotations

Branches:
Dungeon (5/15)
 Temple: D:4-7

Altars:
Fedhas
Xom
Yredelemnul

Annotations:
D:5 Ijyb


Innate Abilities, Weirdness & Mutations

You are too large for most types of armour.
You have claws for hands.
Your natural rate of healing is unusually fast.
You are covered in fur. (AC +1)
You have tough skin. (AC +1)


Message History

You closely miss the black bear. Your claw misses the black bear.
The black bear is severely wounded.
A centaur comes into view.
The black bear bites you but does no damage.
The black bear claws you. x2
A white imp comes into view.
Unknown command.
The black bear barely misses you. The black bear claws you.
The black bear barely misses you. The hound bites you.
Menkaure closely misses you.
You climb upwards.
Reactivating autopickup.
There is a stone staircase leading down here.
You claw Menkaure!
Menkaure is severely damaged.
The black bear bites you but does no damage.
The black bear barely misses you. x2; The hound bites you but does no damage.
Menkaure gestures at you while chanting.
Pain shoots through your body! The black bear bites you.
* * * LOW HITPOINT WARNING * * *
The black bear claws you.
* * * LOW HITPOINT WARNING * * *
The black bear claws you but does no damage.
The hound bites you but does no damage.
You claw Menkaure!
You destroy Menkaure!
The black bear bites you.
* * * LOW HITPOINT WARNING * * *
The black bear barely misses you.
The black bear claws you but does no damage.
The hound bites you.
* * * LOW HITPOINT WARNING * * *
"Hum-dee-hum-dee-hum..."
The black bear evaporates and reforms as a meliai!
The hound misses you.
You claw the hound!
The hound is heavily wounded.
The meliai hits you.
You die...
Xom titters!

.........####....#..###..##
.##.###..# #....###.##....#
..##.#<..####.....#.....###
..............##....##.##
....#..#............####
....##.###.......####
.......# ##...##..##
......## ##.###hy.#
......######..#.@..##
..............#.....##
#.....#.##..)........#
##....###..........###
###..# #.....#.....#
#..####.....#.....#
######.###....[...###
##...#)..........##
.#...)...........##


You could see a meliai and a hound.

Vanquished Creatures
  Menkaure (D:4)
  A necrophage (D:4)
  2 ogres (D:4)
  A howler monkey (D:5)
  A jelly (D:5)
  2 hounds (D:4)
  An iguana (D:4)
  Natasha (thrice) (D:3)
  8 adders
  A white imp (D:5)
  2 worms (D:4)
  A dart slug (D:4)
  2 orcs (D:3)
  6 bats
  2 endoplasms
  3 giant cockroaches
  11 goblins
  10 hobgoblins
  2 jackals (D:1)
  6 kobolds
  2 quokkas
  7 ball pythons
  4 frilled lizards
  9 rats
88 creatures vanquished.

Notes
Turn   | Place    | Note
-------+----------+-------------------------------------------
     0 | D:1      | blank1 the Troll Monk began the quest for the Orb.
     0 | D:1      | Reached XP level 1. HP: 22/22 MP: 0/0
     2 | D:1      | Noticed a vampire
     2 | D:1      | Noticed a felid
     4 | D:1      | Noticed a naga
     4 | D:1      | Noticed a gargoyle
     6 | D:1      | Noticed a human
     8 | D:1      | Noticed a draconian
     8 | D:1      | Noticed a vine stalker
    12 | D:1      | Noticed a troll
    12 | D:1      | Noticed a spriggan
    14 | D:1      | Noticed a dwarf
    14 | D:1      | Noticed a demigod
    16 | D:1      | Noticed a merfolk
    16 | D:1      | Noticed a demonspawn
    18 | D:1      | Noticed a minotaur
    20 | D:1      | Noticed a tengu
    20 | D:1      | Noticed an ogre
    22 | D:1      | Noticed an octopode
    22 | D:1      | Noticed a formicid
    24 | D:1      | Noticed a ghoul
    26 | D:1      | Noticed an elf
    78 | D:1      | Found a faded altar of an unknown god.
   106 | D:1      | Reached XP level 2. HP: 29/29 MP: 1/1
   172 | D:1      | Prayed at the altar of an unknown god.
   172 | D:1      | Became a worshipper of Xom the Capricious
   346 | D:1      | XOM: silly message
   657 | D:2      | Found a blossoming altar of Fedhas.
   690 | D:2      | XOM: divination: detect creatures
   748 | D:2      | Reached XP level 3. HP: 36/36 MP: 2/2
  1088 | D:2      | XOM: noise
  1258 | D:3      | Noticed Natasha
  1263 | D:3      | Killed Natasha
  1264 | D:3      | Reached XP level 4. HP: 43/45 MP: 3/3
  1315 | D:3      | XOM: chaos upgrade
  1561 | D:3      | Noticed Natasha
  1578 | D:3      | Killed Natasha
  1600 | D:3      | Reached XP level 5. HP: 41/53 MP: 4/4
  1765 | D:3      | XOM: noise
  1776 | D:3      | Noticed Natasha
  1777 | D:3      | XOM: confuse monster(s)
  1781 | D:3      | XOM: divination: magic mapping
  1784 | D:3      | Killed Natasha
  2003 | D:3      | XOM: noise
  2030 | D:4      | Found a basalt altar of Yredelemnul.
  2103 | D:4      | Reached XP level 6. HP: 57/62 MP: 5/5
  2462 | D:4      | XOM: butterfly on damage
  2465 | D:4      | Reached skill level 5 in Fighting
  2465 | D:4      | Reached skill level 5 in Unarmed Combat
  2465 | D:4      | Reached XP level 7. HP: 28/72 MP: 6/6
  2625 | D:5      | Entered Level 5 of the Dungeon
  2694 | D:5      | XOM: scenery: summon butterflies
  2719 | D:5      | Noticed Menkaure
  2724 | D:5      | XOM: cleaving
  2759 | D:5      | Noticed Ijyb
  2762 | D:5      | XOM: enchant monster (bad)
  2767 | D:4      | Killed Menkaure
  2768 | D:4      | Noticed a meliai
  2768 | D:4      | a black bear changed into a meliai
  2768 | D:4      | XOM: polymorph black bear -> meliai
  2769 | D:4      | Slain by a meliai

Illustrated notes

Levels and vault maps discovered:
D:1:      kb_arrival_jail, layout_rooms, basic_ecumenical_altar,
          nrook_mini_vaults, st_stairs_14, chequers_arboretum
D:2:      layout_basic, basic_altar
D:3:      layout_basic, nicolae_figureground_sparkle, uniq_natasha
D:4:      layout_cave_pools, yredelemnul_altar_generic, minmay_ogre_servants
D:5:      lemuel_ice_spiral_2, layout_rooms, uniq_ijyb, uniq_menkaure

Skill      XL: |  1  2  3  4  5  6 |
---------------+-------------------+-----
Fighting       | 3 4 5 |  5.4
Dodging        | 3 4 |  4.0
Unarmed Combat | 4 5 |  5.6
Stealth        | |  1.0

Action                   |  1- 3 |  4- 6 |  7- 9 || total
-------------------------+-------+-------+-------++-------
Melee: Unarmed           |    69 |   134 |    27 ||   230
       Punch             |       |     3 |       ||     3
  Use: Scroll            |       |       |     5 ||     5
 Stab: Sleeping          |       |     3 |       ||     3
Armor: Robe              |    23 |    30 |    16 ||    69
Dodge: Dodged            |    42 |    63 |    25 ||   130

Table legend: (Time is in decaauts)
 A = Elapsed time spent in this place.
 B = Non-inter-level travel time spent in this place.
 C = Inter-level travel time spent in this place.
 D = Time resting spent in this place.
 E = Time spent auto-exploring this place.
 F = Levels seen in this place.
 G = Mean time per level.
                   A        B        C        D        E       F      G
               +--------+--------+--------+--------+--------+-----+--------+
         Total |   2747 |   2655 |     92 |     59 |   2024 |   5 |  549.4 |
       Dungeon |   2747 |   2655 |     92 |     59 |   2024 |   5 |  549.4 |
               +--------+--------+--------+--------+--------+-----+--------+

Top non-repeatable levels by time:
     D:3: 752 daAuts
     D:2: 723 daAuts
     D:4: 630 daAuts
     D:1: 530 daAuts
     D:5: 110 daAuts
